 Dungeon Crawl Stone Soup version 0.31-a0-963-ga325b2283a (webtiles) character file.

Game seed: 14926357954028536527

83 Fodor the Covered (level 4, -2/41 HPs)
             Began as a Minotaur Fighter on Oct 24, 2023.
             Slain by a gnoll
             ... wielding a +0 club
              (4 damage)
             ... on level 3 of the Dungeon.
             The game lasted 00:10:27 (2218 turns).

Fodor the Covered (Minotaur Fighter)                Turns: 2218, Time: 00:10:28

Health: -2/41      AC:  7    Str: 23    XL:     4   Next: 22%
Magic:  3/3        EV:  9    Int:  5    God:
Gold:   93         SH:  4    Dex:  9    Spells: 3/3 levels left

rFire   . . .        a - +0 war axe
rCold   . . .        c - +0 buckler
rNeg    . . .        b - +0 scale mail
rPois   .            (helmet restricted)
rElec   .            (no cloak)
rCorr   .            (no gloves)
SInv    .            (no boots)
Will    .....        (no amulet) Stlth
                     (no ring)
HPRegen 0.26/turn    (no ring)
MPRegen 0.08/turn

%: no passive effects
@: no status effects
A: horns 2, retaliatory headbutt
a: no special abilities


You were on level 3 of the Dungeon.
You visited 1 branch of the dungeon, and saw 3 of its levels.

You collected 93 gold pieces.

Inventory:

Hand Weapons
 a - a +0 war axe (weapon)
Missiles
 f - 6 boomerangs
 m - 7 poisoned darts (quivered)
Armour
 b - a +0 scale mail (worn)
 c - a +0 buckler (worn)
Talismans
 g - a maw talisman
Scrolls
 e - a scroll of enchant weapon {unknown}
 h - a scroll of enchant armour {unknown}
 i - 2 scrolls of teleportation {unknown}
Potions
 d - a potion of might
 k - a potion of attraction {unknown}
 l - a potion of heal wounds {unknown}
 n - a potion of degeneration {unknown}
 o - a potion of invisibility {unknown}


   Skills:
 + Level 4.3 Fighting
 + Level 3.2 Axes
 + Level 4.5 Armour
 + Level 0.1 Dodging
 + Level 0.7 Stealth
 + Level 4.1 Shields


You had 3 spell levels left.
You didn't know any spells.
Your spell library contained the following spells:

 Spells                   Type           Power      Damage    Failure   Level
 Gell's Gravitas          Tloc           0%         N/A       99%         3
 Teleport Other           Tloc           0%         N/A       99%         3
 Manifold Assault         Tloc           0%         N/A       100%        4
 Dispersal                Tloc           0%         N/A       100%        6
 Disjunction              Tloc           0%         N/A       100%        8


Dungeon Overview and Level Annotations

Branches:
Dungeon (3/15)

Altars:


Innate Abilities, Weirdness & Mutations

You have a pair of horns on your head.
You reflexively headbutt those who attack you in melee.


Message History

You completely miss the gnoll. Your headbutt misses the gnoll.
The gnoll hits you from afar with a +0 halberd!
* * * LOW HITPOINT WARNING * * *
The gnoll closely misses you. x2
The gnoll hits you but does no damage.
It was a potion of curing.
You feel better.
You feel better. The gnoll misses you. The gnoll closely misses you.
The gnoll hits you but does no damage. The gnoll barely misses you.
You closely miss the gnoll. Your headbutt misses the gnoll.
You closely miss the gnoll. The gnoll hits you but does no damage.
The gnoll barely misses you. The gnoll hits you with a +0 spear.
You slash the gnoll! You headbutt the gnoll.
You kill the gnoll!
You closely miss the gnoll. The gnoll closely misses you.
You furiously retaliate!
You headbutt the gnoll!
You have reached level 4!
You feel stronger.
You barely miss the gnoll. Your headbutt misses the gnoll.
The gnoll is heavily wounded.
You hit the gnoll. The gnoll hits you with a +0 halberd.
The gnoll hits you with a +0 club. The gnoll completely misses you.
You block the gnoll's attack.
You hit the gnoll.
The gnoll is severely wounded.
You closely miss the gnoll. You block the gnoll's attack.
The gnoll hits you with a +0 club.
* * * LOW HITPOINT WARNING * * *
You slash the gnoll!
You kill the gnoll!
You barely miss the gnoll. The gnoll hits you with a +0 club.
* * * LOW HITPOINT WARNING * * *
The gnoll attacks as it pursues you! The gnoll hits you but does no damage.
You see here a +0 halberd.
You hit the gnoll. Your headbutt misses the gnoll.
The gnoll is heavily wounded.
The gnoll hits you with a +0 club.
* * * LOW HITPOINT WARNING * * *
The gnoll hits you with a +0 club.
You die...

#.# #####.####.##
#............
#.##..####.#. #.##....#
#. #.< #.##.##.# #. ..#
#.##)##.# #. #.#
#.##g##.# #. #.#
#.##.@..## #. #.#
###.##.#####.#. #.#
#......#####.#.#######.#
#.#.......#...#........#
#.#.##.##.# #.######..#
#.#.##.##.####รท# #...
#.#............# ###.#
#.#.##.##.###### #.)..
#.#.##.##.# #..))


You could see a gnoll.

Vanquished Creatures
  2 gnolls (D:3)
  A worm (D:2)
  3 dart slugs (D:2)
  2 orcs (D:3)
  2 bats
  3 endoplasms (D:2)
  A giant cockroach (D:1)
  4 goblins
  7 hobgoblins
  4 jackals
  4 kobolds
  A quokka (D:3)
  6 ball pythons
  2 frilled lizards (D:2)
  6 rats
48 creatures vanquished.

Notes
Turn   | Place    | Note
-------+----------+-------------------------------------------
     0 | D:1      | Fodor the Minotaur Fighter began the quest for the Orb.
     0 | D:1      | Reached XP level 1. HP: 19/19 MP: 0/0
   195 | D:1      | Reached XP level 2. HP: 27/27 MP: 1/1
  1285 | D:2      | Reached XP level 3. HP: 33/33 MP: 2/2
  1310 | D:2      | Found a faded altar of an unknown god.
  1324 | D:2      | Identified the +5 dagger of Righteous Anger {antimagic,
                  | Str+8}
  2214 | D:3      | Reached XP level 4. HP: 24/41 MP: 3/3
  2218 | D:3      | HP: 2/41 [gnoll/+0 club (5)]
  2218 | D:3      | Slain by a gnoll

Illustrated notes

Levels and vault maps discovered:
D:1:      dpeg_arrival_rhombus, layout_basic, minmay_tetromino_o4
D:2:      layout_basic, serial_corexii_hall, corexii_hall_statues_i,
          chequers_hall_statues_y, chequers_hall_statues_y,
          corexii_hall_statues_l, basic_ecumenical_altar
D:3:      layout_loops_ring

Skill      XL: |  1  2  3 |
---------------+----------+-----
Fighting       | 4 |  4.3
Shields        | 4 |  4.1
Armour         | 4 |  4.5
Axes           | 3 |  3.2
Dodging        | |  0.1
Stealth        | |  0.7

Action                     |  1- 3 |  4- 6 || total
---------------------------+-------+-------++-------
  Melee: War axe           |    91 |     4 ||    95
         Headbutt          |     9 |       ||     9
    Use: Potion            |     2 |       ||     2
 Armour: Scale mail        |    75 |     7 ||    82
  Dodge: Dodged            |    56 |     1 ||    57
  Block: Buckler           |    25 |     2 ||    27

Table legend: (Time is in decaauts)
 A = Elapsed time spent in this place.
 B = Non-inter-level travel time spent in this place.
 C = Inter-level travel time spent in this place.
 D = Time resting spent in this place.
 E = Time spent auto-exploring this place.
 F = Levels seen in this place.
 G = Mean time per level.
                   A        B        C        D        E       F      G
               +--------+--------+--------+--------+--------+-----+--------+
         Total |   2254 |   2219 |     35 |    400 |      0 |   3 |  751.3 |
       Dungeon |   2254 |   2219 |     35 |    400 |      0 |   3 |  751.3 |
               +--------+--------+--------+--------+--------+-----+--------+

Top non-repeatable levels by time:
     D:1: 1286 daAuts
     D:2: 645 daAuts
     D:3: 322 daAuts
